 Dungeon Crawl Stone Soup version 0.28-a0-410-gbef64dd269 (webtiles) character file.

Game seed: 2463871339509784875

1342 siradein the Spear-Bearer (level 8, -13/69 HPs)
             Began as a Naga Fighter on Sept 7, 2021.
             Mangled by Harold (22 damage)
             ... on level 7 of the Dungeon.
             The game lasted 00:09:35 (6281 turns).

siradein the Spear-Bearer (Naga Fighter)            Turns: 6281, Time: 00:09:35

Health: -13/69     AC: 11    Str: 20    XL:     8   Next: 62%
Magic:  8/8        EV:  5    Int: 10    God:
Gold:   404        SH:  5    Dex: 16    Spells: 7/7 levels left

rFire   . . .      SeeInvis +   a - +0 trident
rCold   . . .      Faith    .   c - +0 buckler
rNeg    . . .      Spirit   .   C - +0 chain mail
rPois   +          Reflect  .   h - +1 hat
rElec   .          Harm     .   s - +1 cloak
rCorr   +          Rampage  .   g - +0 pair of gloves
Will    +....                   (no barding)
Stlth   ..........              o - amulet of regeneration
HPRegen 1.21/turn               k - ring of resist corrosion
MPRegen 0.11/turn               D - +6 ring of dexterity

@: mighty, marked, very slow
A: AC +2, large, see invisible, deformed body, poison resistance, slowness 2,
spit poison 1, naga tail 1
a: Spit Poison


You were on level 7 of the Dungeon.
You visited 2 branches of the dungeon, and saw 8 of its levels.
You also visited: Ossuary.

You collected 404 gold pieces.

Inventory:

Hand Weapons
 a - a +0 trident (weapon)
Armour
 c - a +0 buckler (worn)
 g - a +0 pair of gloves (worn)
 h - a +1 hat (worn)
 s - a +1 cloak (worn)
 C - a +0 chain mail (worn)
Jewellery
 k - a ring of resist corrosion (left hand)
 o - an amulet of regeneration (around neck)
 D - a +6 ring of dexterity (right hand)
Wands
 F - a wand of flame (8)
Scrolls
 b - 4 scrolls of identify
 e - 2 scrolls of enchant armour {unknown}
 f - 3 scrolls of blinking {unknown}
 j - 6 scrolls of teleportation
 l - 2 scrolls of fog {unknown}
 m - a scroll of torment {unknown}
 n - 3 scrolls of enchant weapon {unknown}
 v - a scroll of fear {unknown}
 y - a scroll of holy word
 z - 3 scrolls of magic mapping {unknown}
 A - a scroll of silence
 B - a scroll of amnesia {unknown}
 E - a scroll of immolation {unknown}
Potions
 i - a potion of resistance
 p - 2 potions of haste
 r - 4 potions of curing
 t - a potion of attraction {unknown}
 u - 3 potions of brilliance
 w - 5 potions of flight
 x - a potion of degeneration {unknown}


   Skills:
 - Level 3.0 Fighting
 + Level 10.4 Polearms
 - Level 2.4 Armour
 - Level 2.4 Shields


You had 7 spell levels left.
You didn't know any spells.
Your spell library contained the following spells:

 Spells                   Type           Power      Damage    Failure   Level
 Animate Skeleton         Necr           0%         N/A       99%         1
 Pain                     Necr           0%         1d4       99%         1
 Passwall                 Tmut/Erth      0%         N/A       99%         2
 Swiftness                Air            0%         N/A       100%        3
 Vampiric Draining        Necr           0%         2d6       100%        3
 Invisibility             Hex            0%         N/A       100%        6


Dungeon Overview and Level Annotations

Branches:
Dungeon (7/15)             Temple (1/1) D:6         Ossuary (visited)

Altars:
Ashenzari
Dithmenos
Elyvilon
Fedhas
Gozag
Hepliaklqana
Kikubaaqudgha
Makhleb
Nemelex Xobeh
Okawaru
Ru
Sif Muna
Trog
Uskayaw
Vehumet
Wu Jian
Xom
Yredelemnul
The Shining One

Shops:
D:1 ?   D:6 [[!

Annotations:
D:3 3 runed translucent doors, mg7810's ghost, amateur MiFi
D:7 Harold


Innate Abilities, Weirdness & Mutations

Your serpentine skin is tough. (AC +2)
You have supernaturally acute eyesight. (SInv)
Armour fits poorly on your strangely shaped body.
Your system is resistant to poisons. (rPois)
You cover ground very slowly.
You can spit poison.
You have a snake-like lower body.


Message History

D - a +6 ring of dexterity (right hand)
You feel very mighty all of a sudden. You block Harold's attack.
You puncture Harold!
Harold is lightly wounded.
The hornet closely misses you. Harold closely misses you.
The hornet stings you.
You feel yourself slow down.
You hit Harold.
Harold is lightly wounded.
The hornet stings you!
You are poisoned.
You feel as though you will be slow longer.
Harold hits you with a +0 long sword!
You puncture Harold!
Harold is moderately wounded.
You feel very sick. You block the hornet's attack.
Harold hits you with a +0 long sword!!
* * * LOW HITPOINT WARNING * * *
The hornet stings you!
* * * LOW HITPOINT WARNING * * *
You feel much better.
You feel yourself speed up.
You feel very sick. The hornet barely misses you.
Harold points at you and mumbles some strange words.
The mark upon you grows brighter.
The hornet stings you but does no damage.
Harold hits you with a +0 long sword!
* * * LOW HITPOINT WARNING * * *
You block the hornet's attack.
You feel better. You block the hornet's attack.
Harold hits you with a +0 long sword!
* * * LOW HITPOINT WARNING * * *
Okay, then.
You hit Harold.
Harold is moderately wounded.
The hornet barely misses you.
Harold says happily, "The price on your head will fill my nest egg nicely!"
Harold hits you with a +0 long sword!!
You die...

#.### ........ #....
........ #... .........
#... #.... ... ##.. #...#
#.. ###.. #### ##...###..##
###.... #...#
#.....##...####....#.
8.>.8##..#@..##..#....####.
......#y##@y..#......## #.
<.8.......Z........### #.
......#...........## #.
8.>.8##..†.......## #.
#...##..^........##### #.
#### ##......###.....#####.
#......### #...........
#......### #.#####.....


You could see Harold, a hornet and a centaur skeleton.

Vanquished Creatures
  Menkaure (D:6)
  4 ogres
  A phantom (D:6)
  An elf zombie (Ossuary)
  2 scorpions
  2 water moccasin skeletons (D:5)
  A wight (D:7)
  A howler monkey (D:6)
  2 hounds
  An orc priest (D:4)
  An iguana (D:5)
  3 orc wizards (D:5)
  4 mummies
  3 gnolls (D:5)
  6 adders
  2 ufetubi
  2 adder zombies (Ossuary)
  A dart slug (D:1)
  16 orcs
  6 ball pythons
  3 bats
  5 endoplasms
  A giant cockroach (D:2)
  10 hobgoblins
  6 kobolds
  2 quokkas (D:4)
  3 frilled lizards
  A gnoll zombie (Ossuary)
  4 goblins
  5 goblin zombies (Ossuary)
  A hobgoblin zombie (Ossuary)
  3 kobold zombies (Ossuary)
  2 quokka zombies (Ossuary)
  2 rats
  3 rat zombies (Ossuary)
111 creatures vanquished.

Vanquished Creatures (others)
  2 fungi (D:5)
2 creatures vanquished.

Grand Total: 113 creatures vanquished

Notes
Turn   | Place    | Note
-------+----------+-------------------------------------------
     0 | D:1      | siradein the Naga Fighter began the quest for the Orb.
     0 | D:1      | Reached XP level 1. HP: 21/21 MP: 1/1
    64 | D:1      | Found Tougasto's Magic Scroll Boutique.
   335 | D:1      | Reached XP level 2. HP: 28/28 MP: 2/2
   440 | D:1      | Reached skill level 3 in Polearms
   940 | D:2      | Reached XP level 3. HP: 34/34 MP: 3/3
   971 | D:2      | Found a faded altar of an unknown god.
  1196 | D:2      | Reached skill level 4 in Polearms
  1558 | D:3      | Found an opulent altar of Gozag.
  1558 | D:3      | Found a shimmering altar of Xom.
  1558 | D:3      | Found a hazy altar of Hepliaklqana.
  1652 | D:3      | Found a radiant altar of Vehumet.
  1653 | D:3      | Found a bloodstained altar of Trog.
  1747 | D:3      | Reached XP level 4. HP: 42/42 MP: 4/4
  2185 | D:3      | Found a runed translucent gate.
  2186 | D:3      | Found a runed translucent gate.
  2186 | D:3      | Found a runed translucent gate.
  2189 | D:3      | Noticed mg7810's ghost (amateur MiFi)
  2867 | D:4      | Reached skill level 5 in Polearms
  2867 | D:4      | Reached XP level 5. HP: 49/49 MP: 5/5
  3039 | D:4      | Noticed an ogre
  3055 | D:4      | Killed an ogre
  3056 | D:4      | Reached skill level 6 in Polearms
  3124 | D:4      | Reached XP level 6. HP: 56/56 MP: 6/6
  3496 | D:5      | Entered Level 5 of the Dungeon
  3543 | D:5      | Reached skill level 7 in Polearms
  3612 | D:5      | Found a burning altar of Makhleb.
  3633 | D:5      | Reached XP level 7. HP: 56/62 MP: 7/7
  3696 | D:5      | Found a sand-covered staircase.
  3729 | Ossuary  | Entered an ossuary
  3760 | Ossuary  | Reached skill level 8 in Polearms
  4214 | D:5      | Found an ancient bone altar of Kikubaaqudgha.
  4751 | D:5      | Found a glowing golden altar of the Shining One.
  5145 | D:5      | Reached skill level 9 in Polearms
  5145 | D:5      | Reached XP level 8. HP: 13/69 MP: 8/8
  5244 | D:6      | Found an iron altar of Okawaru.
  5322 | D:6      | Found Fezxutzo's Armour Boutique.
  5360 | D:6      | Found Zommeop's Antique Armour Shoppe.
  5376 | D:6      | Found Lealuache's Distillery.
  5432 | D:6      | Noticed Menkaure
  5436 | D:6      | Killed Menkaure
  5437 | D:6      | Reached skill level 10 in Polearms
  5748 | D:6      | Found a staircase to the Ecumenical Temple.
  5926 | Temple   | Entered the Ecumenical Temple
  6269 | D:7      | Noticed Harold
  6269 | D:7      | Noticed a hornet
  6281 | D:7      | Mangled by Harold

Illustrated notes

Levels and vault maps discovered:
D:1:      giann_wishing_wells, layout_loops_ring, serial_shops,
          nicolae_shop_trees, minmay_tetromino_l2
D:2:      layout_loops_ring, ebering_ecumenical_altar_abandoned
D:3:      kennysheep_six_static_rooms, layout_basic,
          chequers_temple_overflow_statue_of_worship,
          gammafunk_temple_overflow_claw, gammafunk_ghost_necromancy
D:4:      layout_loops_cross, minmay_misc_feat_ornament
D:5:      layout_layer_cave, nicolae_overflow_crystal_walls,
          mainiacjoe_overflow_chevrons, lemuel_round_altar,
          gup_ossuary_entry_pyramid, small_statue_alley_b,
          minmay_misc_feat_more_columns, st_stairs_9
D:6:      layout_loops_ring, temple_hall, serial_shops, shop_fountains,
          shop_fountains, shop, corner_web_ring, kennysheep_flooded_box,
          uniq_menkaure
D:7:      layout_layer_cave, grunt_ministairs_7, uniq_harold
Temple:   jpeg_temple_clearing

Skill      XL: |  1  2  3  4  5  6  7  8 |
---------------+-------------------------+-----
Polearms       | 3 4 5 6 7 9 10 | 10.4
Fighting       | |  3.0
Armour         | |  2.4
Shields        | |  2.4

Action                   |  1- 3 |  4- 6 |  7- 9 || total
-------------------------+-------+-------+-------++-------
Melee: Trident           |    94 |   109 |   280 ||   483
 Abil: Spit Poison       |     4 |     7 |    12 ||    23
  Use: Scroll            |       |       |     8 ||     8
       Potion            |       |       |     3 ||     3
Armor: Scale mail        |    40 |    47 |   115 ||   202
       Chain mail        |       |       |    44 ||    44
Dodge: Dodged            |    24 |    31 |    78 ||   133
Block: Buckler           |     7 |    16 |    56 ||    79

Table legend: (Time is in decaauts)
 A = Elapsed time spent in this place.
 B = Non-inter-level travel time spent in this place.
 C = Inter-level travel time spent in this place.
 D = Time resting spent in this place.
 E = Time spent auto-exploring this place.
 F = Levels seen in this place.
 G = Mean time per level.
                   A        B        C        D        E       F      G
               +--------+--------+--------+--------+--------+-----+--------+
         Total |   8272 |   7938 |    334 |     20 |   6659 |   9 |  919.1 |
       Dungeon |   7884 |   7568 |    316 |     20 |   6435 |   7 | 1126.3 |
        Temple |    125 |    107 |     18 |      0 |     91 |   1 |  125.0 |
       Ossuary |    262 |    262 |      0 |      0 |    132 |   1 |  262.0 |
               +--------+--------+--------+--------+--------+-----+--------+

Top non-repeatable levels by time:
     D:5: 1814 daAuts
     D:3: 1540 daAuts
     D:6: 1153 daAuts
     D:4: 1095 daAuts
     D:1: 1029 daAuts
     D:2: 978 daAuts
     D:7: 273 daAuts
 Ossuary: 262 daAuts
  Temple: 125 daAuts
